 Dungeon Crawl Stone Soup version 0.22.1-6-g1668fe2c40 (webtiles) character file.

51 Descartes the Grasshopper (level 3, 0/18 HPs)
             Began as a Vine Stalker Warper on Jan 28, 2019.
             Succumbed to an adder's poison
             ... on level 2 of the Dungeon.
             The game lasted 00:03:58 (1980 turns).

Descartes the Grasshopper (Vine Stalker Warper)     Turns: 1980, Time: 00:03:59

Health: 0/18       AC:  3    Str: 13    XL:     3   Next: 83%
Magic:  5/7        EV: 12    Int: 14    God:
Gold:   71         SH:  0    Dex: 13    Spells: 5/7 levels left

rFire    . . .     SeeInvis .     - Unarmed
rCold    . . .     Gourm    .   (no shield)
rNeg     . . .     Faith    .   a - +0 leather armour
rPois    .         Spirit   +   (no helmet)
rElec    .         Reflect  .   (no cloak)
rCorr    .         Harm     .   (no gloves)
MR       .....                  (no boots)
Stlth    +.........             (no amulet)
HPRegen  0.06/turn              (no ring)
MPRegen  0.10/turn              (no ring)

@: lethally poisoned (0 -> -17)
A: fangs 2, magic shield, antimagic bite, no potion heal 3, rot immunity
a: no special abilities


You were on level 2 of the Dungeon.
You were very hungry.

You visited 1 branch of the dungeon, and saw 2 of its levels.

You collected 71 gold pieces.

Inventory:

Missiles
 b - 18 bolts
 d - 5 tomahawks of dispersal
 l - 36 stones
 m - a throwing net
 n - 4 javelins of penetration (quivered)
Armour
 a - a +0 leather armour (worn)
Scrolls
 c - a scroll of blinking
 e - 2 scrolls of identify {unknown}
 i - a scroll of fear {unknown}
 j - a scroll of remove curse {unknown}
 k - a scroll of noise {unknown}
 o - a scroll of teleportation {unknown}
Potions
 g - 2 potions of lignification {unknown}
Comestibles
 f - 3 rations


   Skills:
 + Level 2.2 Fighting
 - Level 0.8 Throwing
 - Level 0.7 Armour
 + Level 1.9 Dodging
 * Level 2.7 Unarmed Combat
 + Level 2.6 Spellcasting
 + Level 0.7 Charms
 + Level 3.1 Translocations


You had 5 spell levels left.
You knew the following spells:

 Your Spells              Type           Power        Failure   Level  Hunger
a - Shroud of Golubria    Chrm/Tloc      #.........   19%         2    ###....

Your spell library contained the following spells:

 Spells                   Type           Power        Failure   Level  Hunger
 Blink                    Tloc           N/A          12%         2    ###....
 Gell's Gravitas          Tloc           ##........   24%         3    ###....
 Lesser Beckoning         Tloc           ##........   24%         3    ###....
 Teleport Other           Tloc           ##......     24%         3    ###....
 Passage of Golubria      Tloc           N/A          61%         4    #####..


Dungeon Overview and Level Annotations

Branches:
Dungeon (2/15)

Altars:


Innate Abilities, Weirdness & Mutations

You have extremely sharp teeth.
When hurt, damage is shared between your health and your magic reserves.
Your bite disrupts and absorbs the magic of your enemies.
Potions cannot restore your health.
You are immune to rotting.


Message History

You feel sick. The adder closely misses you.
You barely miss the adder.
The adder is severely wounded.
* * * LOW HITPOINT WARNING * * *
You feel sick. The adder misses you.
You hit the adder but do no damage. Your bite misses the adder.
The adder is severely wounded.
The adder bites you but does no damage.
You barely miss the adder.
The adder is severely wounded.
* * * LOW HITPOINT WARNING * * *
You feel sick. The adder bites you.
* * * LOW HITPOINT WARNING * * *
You are more poisoned.
The adder poisons you! The adder barely misses you.
* * * LOW HITPOINT WARNING * * *
You feel sick.
You closely miss the adder.
The adder is severely wounded.
You die...

#.# #.# #####.# #.###
#.....# #.#.. #.#####
#.#.# #.# #.#.# ###.#
#.#.# #...# #.#.#
##.#########.#.####.##.#
#..............@S.......
############.#####.....#
#.......##### #........
#.####### #.# ### #.#
... #.# ## #.#


You could see an adder.

Vanquished Creatures
  A gnoll (D:2)
  An adder (D:2)
  A dart slug (D:1)
  2 leopard geckos
  2 giant cockroaches
  5 hobgoblins
  3 kobolds (D:1)
  A bat (D:1)
  2 frilled lizards
  7 goblins
  2 rats (D:1)
27 creatures vanquished.

Notes
Turn   | Place    | Note
-------+----------+-------------------------------------------
     0 | D:1      | Descartes the Vine Stalker Warper began the quest for the
                  | Orb.
     0 | D:1      | Reached XP level 1. HP: 11/11 MP: 4/4
   585 | D:1      | Reached XP level 2. HP: 15/15 MP: 6/6
   589 | D:1      | Learned a level 2 spell: Shroud of Golubria
  1136 | D:1      | Reached XP level 3. HP: 15/18 MP: 5/7
  1980 | D:2      | Succumbed to an adder's poison

Skill      XL: |  1 |
---------------+----+-----
Fighting       | 2 |  2.2
Throwing       | |  0.8
Armour         | |  0.7
Dodging        | |  1.9
Unarmed Combat | |  2.7
Spellcasting   | |  2.6
Charms         | |  0.7
Translocations | |  3.1

Action                   || total
-------------------------++-------
Melee: Unarmed           ||   128
       Bite              ||    22
       Punch             ||     1
Throw: Javelin           ||     1
  Eat: Chunk             ||     2
Armor: Leather armour    ||    22
Dodge: Dodged            ||    99
